 Dungeon Crawl Stone Soup version 0.27-a0-1232-gc6a4cbde82 (webtiles) character file.

Game seed: 18283958623254982683

128 hilljack the Digger (level 5, 0/42 HPs)
             Began as a Gargoyle Earth Elementalist on June 9, 2021.
             Slain by a ball python (1 damage)
             ... on level 4 of the Dungeon.
             The game lasted 00:07:26 (4520 turns).

hilljack the Digger (Gargoyle Earth Elementalist)   Turns: 4520, Time: 00:07:27

Health: 0/42       AC: 22    Str: 12    XL:     5   Next: 11%
Magic:  8/8        EV: -1    Int: 16    God:
Gold:   90         SH:  4    Dex: 10    Spells: 2/8 levels left

rFire    . . .     SeeInvis .   d - +0 whip (vamp)
rCold    . . .     Faith    .   g - +0 buckler
rNeg     + + +     Spirit   .   (armour currently unavailable)
rPois    ∞         Reflect  .   (helmet currently unavailable)
rElec    .         Harm     .   (cloak currently unavailable)
rCorr    .         Rampage  .   (gloves currently unavailable)
Will     .....     NoTele   +   (boots currently unavailable)
Stlth    ++........             (no amulet)
HPRegen  0.14/turn              (no ring)
MPRegen  0.11/turn              (no ring)

@: tree-form, unable to read, constricted
A: stationary, stasis, torment immunity, boosted hp, sickness immunity, AC +4,
negative energy resistance 1, (electricity resistance), torment resistance 1,
petrification resistance, (antennae 1), inability to read while threatened
a: no special abilities


You were on level 4 of the Dungeon.
You were a tree.
You visited 1 branch of the dungeon, and saw 4 of its levels.

You collected 90 gold pieces.

Inventory:

Hand Weapons
 d - a +0 vampiric whip (weapon)
Missiles
 a - 33 sling bullets
 b - 75 stones
 l - 2 boomerangs of dispersal
Armour
 c - a +1 robe (melded)
 g - a +0 buckler (worn)
 j - a scarf of shadows (melded)
Jewellery
 m - a ring of ice
Scrolls
 i - a scroll of enchant armour
Potions
 f - 2 potions of magic


   Skills:
 - Level 1.5 Dodging
 - Level 2.1 Stealth
 + Level 4.1 Shields
 - Level 2.3 Spellcasting
 - Level 0.7 Transmutations
 - Level 4.4 Earth Magic


You had 2 spell levels left.
You knew the following spells:

 Your Spells              Type           Power      Damage    Failure   Level
a - Sandblast             Erth           32%        2d9       3%          1
b - Magic Dart            Conj           4%         1d3       21%         1
c - Blink                 Tloc           N/A        N/A       30%         2
d - Passwall              Tmut/Erth      8%         N/A       11%         2

Your spell library contained the following spells:

 Spells                   Type           Power      Damage    Failure   Level
 Call Imp                 Summ           1%         N/A       30%         2
 Slow                     Hex            1%         N/A       30%         2
 Stone Arrow              Conj/Erth      18%        3d8       24%         3
 Conjure Flame            Conj/Fire      1%         6-21      52%         3
 Mephitic Cloud           Conj/Pois/Air  1%         N/A       52%         3
 Petrify                  Tmut/Erth      10%        N/A       56%         4
 Lee's Rapid Deconstruct  Erth           8%         3d8*      65%         5


Dungeon Overview and Level Annotations

Branches:
Dungeon (4/15)
 Temple: D:4-7

Altars:
Hepliaklqana


Innate Abilities, Weirdness & Mutations

You are a tree.
Your roots penetrate the ground, keeping you stationary.
You cannot be teleported.
You are immune to unholy pain and torment.
Your maximum health is greatly increased.
Your equipment is partially melded.
You are immune to sickness and miasma.
((Your stone body is resilient. (AC +4)))
You are immune to poison.
You resist negative energy. (rN+)
((You are resistant to electric shocks. (rElec)))
You are resistant to unholy torment.
You are immune to petrification.
((You have a pair of small antennae on your head.))
You sometimes lose the ability to read scrolls when taking damage.


Message History

The ball python bites you but does no damage.
The ball python constricts you.
You hit the adder zombie.
The adder zombie is heavily damaged.
You block the adder zombie's attack. The black bear closely misses you.
The black bear barely misses you. x2
The ball python bites you but does no damage.
The ball python constricts you.
You closely miss the adder zombie.
The adder zombie is heavily damaged.
The ball python bites you but does no damage.
The ball python constricts you. The adder zombie bites you.
The black bear bites you. The black bear claws you. x2
* * * LOW HITPOINT WARNING * * *
You block the ball python's attack. The ball python constricts you.
The adder zombie bites you but does no damage.
You hit the adder zombie.
The adder zombie is severely damaged.
The black bear bites you but does no damage.
The black bear closely misses you. The black bear barely misses you.
The adder zombie bites you but does no damage.
The ball python bites you but does no damage.
The ball python constricts you. You block the black bear's attack.
The black bear closely misses you. You block the black bear's attack.
It was a potion of mutation.
You feel extremely strange.
You lose the ability to read scrolls when threatened.
A pair of antennae grows on your head! You block the ball python's attack.
* * * LOW HITPOINT WARNING * * *
The ball python constricts you. The adder zombie barely misses you.
The black bear barely misses you. x2; The black bear claws you.
You feel threatened and lose the ability to read scrolls!
* * * LOW HITPOINT WARNING * * *
Really quaff the potion of lignification?
You turn into a tree.
Your scarf of shadows melds into your body.
Your +1 robe melds into your body.
The dungeon's light returns to normal.
Your roots penetrate the ground.
The ball python bites you.
* * * LOW HITPOINT WARNING * * *
You die...

...#.#......#.
..............
....##........ ....
....##.......# ...
#...........###.$##
##...#.......... .###
##.##......##.#
...###.
#####.....##.##ZZ..P..
###.........gh♣#
#...........#S##
###.#...#...#..#
#.##..#.......: ###
##..........
###....#....
.......... ##....


You could see a black bear, a gnoll, an adder zombie, a scorpion zombie and a
ball python.

Vanquished Creatures
  A scorpion zombie (D:4)
  A howler monkey skeleton (D:4)
  2 adders (D:2)
  3 adder zombies (D:4)
  An adder skeleton (D:4)
  4 worms
  A dart slug (D:3)
  An orc (D:3)
  An endoplasm (D:3)
  2 giant cockroaches (D:1)
  5 goblins
  3 hobgoblins
  5 jackals
  A quokka (D:3)
  2 ball pythons (D:2)
  5 bats
  2 frilled lizards (D:1)
  5 kobolds
  4 rats
49 creatures vanquished.

Vanquished Creatures (others)
  4 withered plants (D:4)
4 creatures vanquished.

Grand Total: 53 creatures vanquished

Notes
Turn   | Place    | Note
-------+----------+-------------------------------------------
     0 | D:1      | hilljack the Gargoyle Earth Elementalist began the quest
                  | for the Orb.
     0 | D:1      | Reached XP level 1. HP: 10/10 MP: 3/3
   207 | D:1      | Learned a level 1 spell: Magic Dart
   219 | D:1      | Reached XP level 2. HP: 15/15 MP: 5/5
  1219 | D:1      | Learned a level 2 spell: Blink
  1687 | D:2      | Reached XP level 3. HP: 12/19 MP: 2/6
  1694 | D:2      | Reached skill level 1 in Shields
  1841 | D:2      | Learned a level 2 spell: Passwall
  2713 | D:2      | Reached XP level 4. HP: 21/24 MP: 3/7
  3295 | D:3      | Found a faded altar of an unknown god.
  3530 | D:3      | Found a hazy altar of Hepliaklqana.
  4370 | D:4      | Reached XP level 5. HP: 10/28 MP: 2/8
  4496 | D:4      | Noticed a black bear
  4519 | D:4      | Gained mutation: You sometimes lose the ability to read
                  | scrolls when taking damage. [potion of mutation]
  4519 | D:4      | Gained mutation: You have a pair of small antennae on your
                  | head. [potion of mutation]
  4519 | D:4      | HP: 1/28 [black bear (4)]
  4520 | D:4      | Slain by a ball python

Illustrated notes

Levels and vault maps discovered:
D:1:      ncdulo_smallfort, layout_loops_ring, chequers_hall_statues_corner_a,
          minmay_distorted
D:2:      layout_loops_corners, grunt_ministairs_7
D:3:      layout_basic, nzn_hepliaklqana_mist_gate,
          hellmonk_ecumenical_altar_lost_god
D:4:      layout_cave_pools, tgw_xom, gup_sewer_entry_bubbles, serial_undead,
          serial_undead_f, serial_undead_e, serial_undead_b, serial_undead_f,
          serial_undead_b, serial_undead_b, serial_undead_e, serial_undead_c,
          serial_undead_f, serial_undead_c, serial_shops, nicolae_shop_trees

Skill      XL: |  1  2  3  4 |
---------------+-------------+-----
Earth Magic    | 4 |  4.4
Shields        | 2 4 |  4.1
Dodging        | |  1.5
Stealth        | |  2.1
Spellcasting   | |  2.3
Transmutations | |  0.7

Action                   |  1- 3 |  4- 6 || total
-------------------------+-------+-------++-------
Melee: Whip              |   117 |    56 ||   173
 Cast: Sandblast         |    30 |    26 ||    56
  Use: Scroll            |     3 |     5 ||     8
       Potion            |       |     2 ||     2
 Stab: Sleeping          |     3 |       ||     3
Armor: Robe              |    48 |    24 ||    72
Dodge: Dodged            |    67 |    49 ||   116
Block: Buckler           |    13 |    18 ||    31

Table legend: (Time is in decaauts)
 A = Elapsed time spent in this place.
 B = Non-inter-level travel time spent in this place.
 C = Inter-level travel time spent in this place.
 D = Time resting spent in this place.
 E = Time spent auto-exploring this place.
 F = Levels seen in this place.
 G = Mean time per level.
                   A        B        C        D        E       F      G
               +--------+--------+--------+--------+--------+-----+--------+
         Total |   4539 |   4387 |    152 |   1216 |   2586 |   4 | 1134.8 |
       Dungeon |   4539 |   4387 |    152 |   1216 |   2586 |   4 | 1134.8 |
               +--------+--------+--------+--------+--------+-----+--------+

Top non-repeatable levels by time:
     D:2: 1478 daAuts
     D:1: 1418 daAuts
     D:3: 1239 daAuts
     D:4: 403 daAuts
